Workbook

Sheet Panel
B2: Presupuesto de graduación
B3: Resumen automático: cuánto cuesta la fiesta, cuánto hay que aportar por graduado y cuánto queda en caja.
B5: GASTO TOTAL PREVISTO | D5: INGRESOS EXTRA (NETO) | F5: APORTACIÓN NECESARIA POR GRADUADO | H5: CUOTA ACORDADA POR GRADUADO
B6: =SUM(Gastos!G8:G47) | D6: =SUM('Ingresos extra'!G8:G27) | F6: =IF(C13=0,0,(B6*(1+C15)-D6)/C13) | H6: =C14
B8: COBRADO A LOS GRADUADOS | D8: CAJA ACTUAL | F8: PENDIENTE DE COBRAR | H8: BALANCE FINAL PREVISTO
B9: =SUM(Pagos!K8:K57) | D9: =B9+D6-SUM(Gastos!H8:H47) | F9: =SUM(Pagos!L8:L57) | H9: =SUM(Pagos!J8:J57)+D6-B6
B11: PARÁMETROS Y SEGUIMIENTO
B12: Nº de graduados (vacío = contar la lista de Pagos) | E12: Graduados con la cuota completa | I12: =COUNTIF(Pagos!M8:M57,"Completo")
B13: Graduados que se usan en los cálculos | C13: =IF(C12="",COUNTA(Pagos!C8:C57),C12) | E13: Graduados con pago parcial | I13: =COUNTIF(Pagos!M8:M57,"Parcial")
B14: Cuota acordada por graduado (€) | C14: 300 | E14: Graduados que aún no han pagado | I14: =COUNTIF(Pagos!M8:M57,"Sin pagar")
B15: Margen de imprevistos (%) | C15: 0.05 | E15: % de las cuotas ya cobrado | I15: =IF(SUM(Pagos!J8:J57)=0,0,B9/SUM(Pagos!J8:J57))
B16: Diferencia: cuota acordada − necesaria | C16: =C14-F6 | E16: Gastos pagados a proveedores | I16: =SUM(Gastos!H8:H47)
B18: GASTOS POR CATEGORÍA
B19: Categoría | C19: Presupuesto | D19: Pagado | E19: Pendiente | F19: % del total | G19: Por graduado
B20: Cena | C20: =SUMIF(Gastos!$C$8:$C$47,B20,Gastos!$G$8:$G$47) | D20: =SUMIF(Gastos!$C$8:$C$47,B20,Gastos!$H$8:$H$47) | E20: =MAX(0,C20-D20) | F20: =IF($C$26=0,0,C20/$C$26) | G20: =IF($C$13=0,0,C20/$C$13)
B21: Orla | C21: =SUMIF(Gastos!$C$8:$C$47,B21,Gastos!$G$8:$G$47) | D21: =SUMIF(Gastos!$C$8:$C$47,B21,Gastos!$H$8:$H$47) | E21: =MAX(0,C21-D21) | F21: =IF($C$26=0,0,C21/$C$26) | G21: =IF($C$13=0,0,C21/$C$13)
B22: Viaje | C22: =SUMIF(Gastos!$C$8:$C$47,B22,Gastos!$G$8:$G$47) | D22: =SUMIF(Gastos!$C$8:$C$47,B22,Gastos!$H$8:$H$47) | E22: =MAX(0,C22-D22) | F22: =IF($C$26=0,0,C22/$C$26) | G22: =IF($C$13=0,0,C22/$C$13)
B23: Fiesta | C23: =SUMIF(Gastos!$C$8:$C$47,B23,Gastos!$G$8:$G$47) | D23: =SUMIF(Gastos!$C$8:$C$47,B23,Gastos!$H$8:$H$47) | E23: =MAX(0,C23-D23) | F23: =IF($C$26=0,0,C23/$C$26) | G23: =IF($C$13=0,0,C23/$C$13)
B24: Fotógrafo | C24: =SUMIF(Gastos!$C$8:$C$47,B24,Gastos!$G$8:$G$47) | D24: =SUMIF(Gastos!$C$8:$C$47,B24,Gastos!$H$8:$H$47) | E24: =MAX(0,C24-D24) | F24: =IF($C$26=0,0,C24/$C$26) | G24: =IF($C$13=0,0,C24/$C$13)
B25: Otros | C25: =SUMIF(Gastos!$C$8:$C$47,B25,Gastos!$G$8:$G$47) | D25: =SUMIF(Gastos!$C$8:$C$47,B25,Gastos!$H$8:$H$47) | E25: =MAX(0,C25-D25) | F25: =IF($C$26=0,0,C25/$C$26) | G25: =IF($C$13=0,0,C25/$C$13)
B26: Total | C26: =SUM(C20:C25) | D26: =SUM(D20:D25) | E26: =SUM(E20:E25) | F26: =SUM(F20:F25) | G26: =SUM(G20:G25)
B27: Gastos sin categoría (revisa la hoja Gastos) | C27: =ROUND(B6-C26,2)

Sheet Gastos
B2: Gastos de la graduación
B3: Una fila por gasto: elige si es un importe fijo o un precio por persona y la plantilla calcula el coste total, lo pagado y lo pendiente.
B5: Nº de graduados: | C5: =Panel!C13 | F5: TOTALES: | G5: =SUM(G8:G47) | H5: =SUM(H8:H47) | I5: =SUM(I8:I47)
B7: Concepto | C7: Categoría | D7: Tipo de coste | E7: Importe (€) | F7: Unidades / personas | G7: Coste total | H7: Pagado a proveedor | I7: Pendiente de pagar | J7: Fecha límite | K7: Estado | L7: Coste por graduado | M7: Proveedor / notas
B8: Cena de graduación | C8: Cena | D8: Por persona | E8: 42 | F8: 20 | G8: =IF(OR(B8="",E8=""),"",E8*IF(D8="Por persona",IF(F8="",Panel!$C$13,F8),IF(F8="",1,F8))) | H8: 200 | I8: =IF(G8="","",MAX(0,G8-H8)) | J8: 46548 | K8: =IF(G8="","",IF(I8<=0,"Pagado",IF(AND(J8<>"",J8<TODAY()),"Vencido",IF(H8>0,"Anticipo","Pendiente")))) | L8: =IF(G8="","",IF(Panel!$C$13=0,0,G8/Panel!$C$13)) | M8: Restaurante La Plaza (14 graduados + 6 invitados)
B9: Reserva del salón de celebraciones | C9: Fiesta | D9: Fijo | E9: 300 | G9: =IF(OR(B9="",E9=""),"",E9*IF(D9="Por persona",IF(F9="",Panel!$C$13,F9),IF(F9="",1,F9))) | H9: 300 | I9: =IF(G9="","",MAX(0,G9-H9)) | J9: 46285 | K9: =IF(G9="","",IF(I9<=0,"Pagado",IF(AND(J9<>"",J9<TODAY()),"Vencido",IF(H9>0,"Anticipo","Pendiente")))) | L9: =IF(G9="","",IF(Panel!$C$13=0,0,G9/Panel!$C$13)) | M9: Pagado en septiembre
B10: Orla (diseño e impresión) | C10: Orla | D10: Fijo | E10: 350 | G10: =IF(OR(B10="",E10=""),"",E10*IF(D10="Por persona",IF(F10="",Panel!$C$13,F10),IF(F10="",1,F10))) | H10: 175 | I10: =IF(G10="","",MAX(0,G10-H10)) | J10: 46507 | K10: =IF(G10="","",IF(I10<=0,"Pagado",IF(AND(J10<>"",J10<TODAY()),"Vencido",IF(H10>0,"Anticipo","Pendiente")))) | L10: =IF(G10="","",IF(Panel!$C$13=0,0,G10/Panel!$C$13)) | M10: Imprenta del barrio
B11: Copias enmarcadas de la orla | C11: Orla | D11: Por persona | E11: 12 | G11: =IF(OR(B11="",E11=""),"",E11*IF(D11="Por persona",IF(F11="",Panel!$C$13,F11),IF(F11="",1,F11))) | H11: 0 | I11: =IF(G11="","",MAX(0,G11-H11)) | J11: 46522 | K11: =IF(G11="","",IF(I11<=0,"Pagado",IF(AND(J11<>"",J11<TODAY()),"Vencido",IF(H11>0,"Anticipo","Pendiente")))) | L11: =IF(G11="","",IF(Panel!$C$13=0,0,G11/Panel!$C$13)) | M11: Una por graduado
B12: Autocar del viaje de fin de curso | C12: Viaje | D12: Fijo | E12: 780 | G12: =IF(OR(B12="",E12=""),"",E12*IF(D12="Por persona",IF(F12="",Panel!$C$13,F12),IF(F12="",1,F12))) | H12: 390 | I12: =IF(G12="","",MAX(0,G12-H12)) | J12: 46447 | K12: =IF(G12="","",IF(I12<=0,"Pagado",IF(AND(J12<>"",J12<TODAY()),"Vencido",IF(H12>0,"Anticipo","Pendiente")))) | L12: =IF(G12="","",IF(Panel!$C$13=0,0,G12/Panel!$C$13)) | M12: Reserva del 50 %
B13: Alojamiento del viaje (3 noches) | C13: Viaje | D13: Por persona | E13: 70 | G13: =IF(OR(B13="",E13=""),"",E13*IF(D13="Por persona",IF(F13="",Panel!$C$13,F13),IF(F13="",1,F13))) | H13: 0 | I13: =IF(G13="","",MAX(0,G13-H13)) | J13: 46461 | K13: =IF(G13="","",IF(I13<=0,"Pagado",IF(AND(J13<>"",J13<TODAY()),"Vencido",IF(H13>0,"Anticipo","Pendiente")))) | L13: =IF(G13="","",IF(Panel!$C$13=0,0,G13/Panel!$C$13)) | M13: Albergue juvenil
B14: Seguro de viaje | C14: Viaje | D14: Por persona | E14: 8.5 | G14: =IF(OR(B14="",E14=""),"",E14*IF(D14="Por persona",IF(F14="",Panel!$C$13,F14),IF(F14="",1,F14))) | H14: 0 | I14: =IF(G14="","",MAX(0,G14-H14)) | J14: 46461 | K14: =IF(G14="","",IF(I14<=0,"Pagado",IF(AND(J14<>"",J14<TODAY()),"Vencido",IF(H14>0,"Anticipo","Pendiente")))) | L14: =IF(G14="","",IF(Panel!$C$13=0,0,G14/Panel!$C$13))
B15: DJ y equipo de sonido | C15: Fiesta | D15: Fijo | E15: 250 | G15: =IF(OR(B15="",E15=""),"",E15*IF(D15="Por persona",IF(F15="",Panel!$C$13,F15),IF(F15="",1,F15))) | H15: 50 | I15: =IF(G15="","",MAX(0,G15-H15)) | J15: 46539 | K15: =IF(G15="","",IF(I15<=0,"Pagado",IF(AND(J15<>"",J15<TODAY()),"Vencido",IF(H15>0,"Anticipo","Pendiente")))) | L15: =IF(G15="","",IF(Panel!$C$13=0,0,G15/Panel!$C$13)) | M15: Señal pagada
B16: Decoración y globos | C16: Fiesta | D16: Fijo | E16: 120 | G16: =IF(OR(B16="",E16=""),"",E16*IF(D16="Por persona",IF(F16="",Panel!$C$13,F16),IF(F16="",1,F16))) | H16: 0 | I16: =IF(G16="","",MAX(0,G16-H16)) | J16: 46543 | K16: =IF(G16="","",IF(I16<=0,"Pagado",IF(AND(J16<>"",J16<TODAY()),"Vencido",IF(H16>0,"Anticipo","Pendiente")))) | L16: =IF(G16="","",IF(Panel!$C$13=0,0,G16/Panel!$C$13))
B17: Fotógrafo (reportaje de la fiesta) | C17: Fotógrafo | D17: Fijo | E17: 280 | G17: =IF(OR(B17="",E17=""),"",E17*IF(D17="Por persona",IF(F17="",Panel!$C$13,F17),IF(F17="",1,F17))) | H17: 100 | I17: =IF(G17="","",MAX(0,G17-H17)) | J17: 46543 | K17: =IF(G17="","",IF(I17<=0,"Pagado",IF(AND(J17<>"",J17<TODAY()),"Vencido",IF(H17>0,"Anticipo","Pendiente")))) | L17: =IF(G17="","",IF(Panel!$C$13=0,0,G17/Panel!$C$13)) | M17: Incluye 150 fotos editadas
B18: Álbum digital y vídeo resumen | C18: Fotógrafo | D18: Fijo | E18: 90 | G18: =IF(OR(B18="",E18=""),"",E18*IF(D18="Por persona",IF(F18="",Panel!$C$13,F18),IF(F18="",1,F18))) | H18: 0 | I18: =IF(G18="","",MAX(0,G18-H18)) | J18: 46558 | K18: =IF(G18="","",IF(I18<=0,"Pagado",IF(AND(J18<>"",J18<TODAY()),"Vencido",IF(H18>0,"Anticipo","Pendiente")))) | L18: =IF(G18="","",IF(Panel!$C$13=0,0,G18/Panel!$C$13))
B19: Birretes y bandas | C19: Otros | D19: Por persona | E19: 9 | G19: =IF(OR(B19="",E19=""),"",E19*IF(D19="Por persona",IF(F19="",Panel!$C$13,F19),IF(F19="",1,F19))) | H19: 0 | I19: =IF(G19="","",MAX(0,G19-H19)) | J19: 46527 | K19: =IF(G19="","",IF(I19<=0,"Pagado",IF(AND(J19<>"",J19<TODAY()),"Vencido",IF(H19>0,"Anticipo","Pendiente")))) | L19: =IF(G19="","",IF(Panel!$C$13=0,0,G19/Panel!$C$13))
B20: Regalos para los tutores | C20: Otros | D20: Fijo | E20: 75 | G20: =IF(OR(B20="",E20=""),"",E20*IF(D20="Por persona",IF(F20="",Panel!$C$13,F20),IF(F20="",1,F20))) | H20: 75 | I20: =IF(G20="","",MAX(0,G20-H20)) | J20: 46295 | K20: =IF(G20="","",IF(I20<=0,"Pagado",IF(AND(J20<>"",J20<TODAY()),"Vencido",IF(H20>0,"Anticipo","Pendiente")))) | L20: =IF(G20="","",IF(Panel!$C$13=0,0,G20/Panel!$C$13)) | M20: Pagado
B21: Imprevistos y gastos varios | C21: Otros | D21: Fijo | E21: 60 | G21: =IF(OR(B21="",E21=""),"",E21*IF(D21="Por persona",IF(F21="",Panel!$C$13,F21),IF(F21="",1,F21))) | H21: 0 | I21: =IF(G21="","",MAX(0,G21-H21)) | K21: =IF(G21="","",IF(I21<=0,"Pagado",IF(AND(J21<>"",J21<TODAY()),"Vencido",IF(H21>0,"Anticipo","Pendiente")))) | L21: =IF(G21="","",IF(Panel!$C$13=0,0,G21/Panel!$C$13)) | M21: Colchón para pequeños extras
G22: =IF(OR(B22="",E22=""),"",E22*IF(D22="Por persona",IF(F22="",Panel!$C$13,F22),IF(F22="",1,F22))) | I22: =IF(G22="","",MAX(0,G22-H22)) | K22: =IF(G22="","",IF(I22<=0,"Pagado",IF(AND(J22<>"",J22<TODAY()),"Vencido",IF(H22>0,"Anticipo","Pendiente")))) | L22: =IF(G22="","",IF(Panel!$C$13=0,0,G22/Panel!$C$13))
G23: =IF(OR(B23="",E23=""),"",E23*IF(D23="Por persona",IF(F23="",Panel!$C$13,F23),IF(F23="",1,F23))) | I23: =IF(G23="","",MAX(0,G23-H23)) | K23: =IF(G23="","",IF(I23<=0,"Pagado",IF(AND(J23<>"",J23<TODAY()),"Vencido",IF(H23>0,"Anticipo","Pendiente")))) | L23: =IF(G23="","",IF(Panel!$C$13=0,0,G23/Panel!$C$13))
G24: =IF(OR(B24="",E24=""),"",E24*IF(D24="Por persona",IF(F24="",Panel!$C$13,F24),IF(F24="",1,F24))) | I24: =IF(G24="","",MAX(0,G24-H24)) | K24: =IF(G24="","",IF(I24<=0,"Pagado",IF(AND(J24<>"",J24<TODAY()),"Vencido",IF(H24>0,"Anticipo","Pendiente")))) | L24: =IF(G24="","",IF(Panel!$C$13=0,0,G24/Panel!$C$13))
G25: =IF(OR(B25="",E25=""),"",E25*IF(D25="Por persona",IF(F25="",Panel!$C$13,F25),IF(F25="",1,F25))) | I25: =IF(G25="","",MAX(0,G25-H25)) | K25: =IF(G25="","",IF(I25<=0,"Pagado",IF(AND(J25<>"",J25<TODAY()),"Vencido",IF(H25>0,"Anticipo","Pendiente")))) | L25: =IF(G25="","",IF(Panel!$C$13=0,0,G25/Panel!$C$13))
G26: =IF(OR(B26="",E26=""),"",E26*IF(D26="Por persona",IF(F26="",Panel!$C$13,F26),IF(F26="",1,F26))) | I26: =IF(G26="","",MAX(0,G26-H26)) | K26: =IF(G26="","",IF(I26<=0,"Pagado",IF(AND(J26<>"",J26<TODAY()),"Vencido",IF(H26>0,"Anticipo","Pendiente")))) | L26: =IF(G26="","",IF(Panel!$C$13=0,0,G26/Panel!$C$13))
G27: =IF(OR(B27="",E27=""),"",E27*IF(D27="Por persona",IF(F27="",Panel!$C$13,F27),IF(F27="",1,F27))) | I27: =IF(G27="","",MAX(0,G27-H27)) | K27: =IF(G27="","",IF(I27<=0,"Pagado",IF(AND(J27<>"",J27<TODAY()),"Vencido",IF(H27>0,"Anticipo","Pendiente")))) | L27: =IF(G27="","",IF(Panel!$C$13=0,0,G27/Panel!$C$13))
G28: =IF(OR(B28="",E28=""),"",E28*IF(D28="Por persona",IF(F28="",Panel!$C$13,F28),IF(F28="",1,F28))) | I28: =IF(G28="","",MAX(0,G28-H28)) | K28: =IF(G28="","",IF(I28<=0,"Pagado",IF(AND(J28<>"",J28<TODAY()),"Vencido",IF(H28>0,"Anticipo","Pendiente")))) | L28: =IF(G28="","",IF(Panel!$C$13=0,0,G28/Panel!$C$13))
G29: =IF(OR(B29="",E29=""),"",E29*IF(D29="Por persona",IF(F29="",Panel!$C$13,F29),IF(F29="",1,F29))) | I29: =IF(G29="","",MAX(0,G29-H29)) | K29: =IF(G29="","",IF(I29<=0,"Pagado",IF(AND(J29<>"",J29<TODAY()),"Vencido",IF(H29>0,"Anticipo","Pendiente")))) | L29: =IF(G29="","",IF(Panel!$C$13=0,0,G29/Panel!$C$13))
G30: =IF(OR(B30="",E30=""),"",E30*IF(D30="Por persona",IF(F30="",Panel!$C$13,F30),IF(F30="",1,F30))) | I30: =IF(G30="","",MAX(0,G30-H30)) | K30: =IF(G30="","",IF(I30<=0,"Pagado",IF(AND(J30<>"",J30<TODAY()),"Vencido",IF(H30>0,"Anticipo","Pendiente")))) | L30: =IF(G30="","",IF(Panel!$C$13=0,0,G30/Panel!$C$13))
G31: =IF(OR(B31="",E31=""),"",E31*IF(D31="Por persona",IF(F31="",Panel!$C$13,F31),IF(F31="",1,F31))) | I31: =IF(G31="","",MAX(0,G31-H31)) | K31: =IF(G31="","",IF(I31<=0,"Pagado",IF(AND(J31<>"",J31<TODAY()),"Vencido",IF(H31>0,"Anticipo","Pendiente")))) | L31: =IF(G31="","",IF(Panel!$C$13=0,0,G31/Panel!$C$13))
G32: =IF(OR(B32="",E32=""),"",E32*IF(D32="Por persona",IF(F32="",Panel!$C$13,F32),IF(F32="",1,F32))) | I32: =IF(G32="","",MAX(0,G32-H32)) | K32: =IF(G32="","",IF(I32<=0,"Pagado",IF(AND(J32<>"",J32<TODAY()),"Vencido",IF(H32>0,"Anticipo","Pendiente")))) | L32: =IF(G32="","",IF(Panel!$C$13=0,0,G32/Panel!$C$13))
G33: =IF(OR(B33="",E33=""),"",E33*IF(D33="Por persona",IF(F33="",Panel!$C$13,F33),IF(F33="",1,F33))) | I33: =IF(G33="","",MAX(0,G33-H33)) | K33: =IF(G33="","",IF(I33<=0,"Pagado",IF(AND(J33<>"",J33<TODAY()),"Vencido",IF(H33>0,"Anticipo","Pendiente")))) | L33: =IF(G33="","",IF(Panel!$C$13=0,0,G33/Panel!$C$13))
... G47: =IF(OR(B47="",E47=""),"",E47*IF(D47="Por persona",IF(F47="",Panel!$C$13,F47),IF(F47="",1,F47))) | I47: =IF(G47="","",MAX(0,G47-H47)) | K47: =IF(G47="","",IF(I47<=0,"Pagado",IF(AND(J47<>"",J47<TODAY()),"Vencido",IF(H47>0,"Anticipo","Pendiente")))) | L47: =IF(G47="","",IF(Panel!$C$13=0,0,G47/Panel!$C$13))

Sheet Pagos
B2: Registro de pagos por graduado
B3: Apunta el nombre y cada pago que entrega: la plantilla suma lo cobrado, lo que falta y el estado de cada persona.
B5: Cuota acordada: | D5: =Panel!C14 | E5: Graduados: | F5: =COUNTA(C8:C57) | I5: TOTALES: | J5: =SUM(J8:J57) | K5: =SUM(K8:K57) | L5: =SUM(L8:L57)
B7: Nº | C7: Graduado/a | D7: Pago 1 | E7: Pago 2 | F7: Pago 3 | G7: Pago 4 | H7: Fecha del último pago | I7: Ajuste (€) | J7: Cuota a pagar | K7: Total pagado | L7: Pendiente | M7: Estado | N7: % pagado
B8: =IF(C8="","",ROW()-7) | C8: Alba Martín | D8: 100 | E8: 100 | F8: 100 | H8: 46438 | I8: 0 | J8: =IF(C8="","",MAX(0,Panel!$C$14+I8)) | K8: =IF(C8="","",SUM(D8:G8)) | L8: =IF(C8="","",MAX(0,J8-K8)) | M8: =IF(C8="","",IF(K8>=J8,"Completo",IF(K8>0,"Parcial","Sin pagar"))) | N8: =IF(C8="","",IF(J8<=0,1,MIN(1,K8/J8)))
B9: =IF(C9="","",ROW()-7) | C9: Bruno Sánchez | D9: 100 | E9: 100 | F9: 100 | G9: 0 | H9: 46438 | I9: 0 | J9: =IF(C9="","",MAX(0,Panel!$C$14+I9)) | K9: =IF(C9="","",SUM(D9:G9)) | L9: =IF(C9="","",MAX(0,J9-K9)) | M9: =IF(C9="","",IF(K9>=J9,"Completo",IF(K9>0,"Parcial","Sin pagar"))) | N9: =IF(C9="","",IF(J9<=0,1,MIN(1,K9/J9)))
B10: =IF(C10="","",ROW()-7) | C10: Carla Ortega | D10: 100 | E10: 100 | H10: 46371 | I10: 0 | J10: =IF(C10="","",MAX(0,Panel!$C$14+I10)) | K10: =IF(C10="","",SUM(D10:G10)) | L10: =IF(C10="","",MAX(0,J10-K10)) | M10: =IF(C10="","",IF(K10>=J10,"Completo",IF(K10>0,"Parcial","Sin pagar"))) | N10: =IF(C10="","",IF(J10<=0,1,MIN(1,K10/J10)))
B11: =IF(C11="","",ROW()-7) | C11: Daniel Ruiz | D11: 100 | H11: 46296 | I11: 0 | J11: =IF(C11="","",MAX(0,Panel!$C$14+I11)) | K11: =IF(C11="","",SUM(D11:G11)) | L11: =IF(C11="","",MAX(0,J11-K11)) | M11: =IF(C11="","",IF(K11>=J11,"Completo",IF(K11>0,"Parcial","Sin pagar"))) | N11: =IF(C11="","",IF(J11<=0,1,MIN(1,K11/J11)))
B12: =IF(C12="","",ROW()-7) | C12: Elena Prieto | D12: 100 | E12: 100 | F12: 70 | H12: 46440 | I12: -30 | J12: =IF(C12="","",MAX(0,Panel!$C$14+I12)) | K12: =IF(C12="","",SUM(D12:G12)) | L12: =IF(C12="","",MAX(0,J12-K12)) | M12: =IF(C12="","",IF(K12>=J12,"Completo",IF(K12>0,"Parcial","Sin pagar"))) | N12: =IF(C12="","",IF(J12<=0,1,MIN(1,K12/J12)))
B13: =IF(C13="","",ROW()-7) | C13: Félix Navarro | D13: 100 | E13: 100 | H13: 46374 | I13: 0 | J13: =IF(C13="","",MAX(0,Panel!$C$14+I13)) | K13: =IF(C13="","",SUM(D13:G13)) | L13: =IF(C13="","",MAX(0,J13-K13)) | M13: =IF(C13="","",IF(K13>=J13,"Completo",IF(K13>0,"Parcial","Sin pagar"))) | N13: =IF(C13="","",IF(J13<=0,1,MIN(1,K13/J13)))
B14: =IF(C14="","",ROW()-7) | C14: Gala Romero | D14: 150 | E14: 150 | H14: 46366 | I14: 0 | J14: =IF(C14="","",MAX(0,Panel!$C$14+I14)) | K14: =IF(C14="","",SUM(D14:G14)) | L14: =IF(C14="","",MAX(0,J14-K14)) | M14: =IF(C14="","",IF(K14>=J14,"Completo",IF(K14>0,"Parcial","Sin pagar"))) | N14: =IF(C14="","",IF(J14<=0,1,MIN(1,K14/J14)))
B15: =IF(C15="","",ROW()-7) | C15: Hugo Delgado | I15: 0 | J15: =IF(C15="","",MAX(0,Panel!$C$14+I15)) | K15: =IF(C15="","",SUM(D15:G15)) | L15: =IF(C15="","",MAX(0,J15-K15)) | M15: =IF(C15="","",IF(K15>=J15,"Completo",IF(K15>0,"Parcial","Sin pagar"))) | N15: =IF(C15="","",IF(J15<=0,1,MIN(1,K15/J15)))
B16: =IF(C16="","",ROW()-7) | C16: Inés Vidal | D16: 100 | E16: 100 | F16: 100 | H16: 46437 | I16: 0 | J16: =IF(C16="","",MAX(0,Panel!$C$14+I16)) | K16: =IF(C16="","",SUM(D16:G16)) | L16: =IF(C16="","",MAX(0,J16-K16)) | M16: =IF(C16="","",IF(K16>=J16,"Completo",IF(K16>0,"Parcial","Sin pagar"))) | N16: =IF(C16="","",IF(J16<=0,1,MIN(1,K16/J16)))
B17: =IF(C17="","",ROW()-7) | C17: Jorge Castro | D17: 100 | E17: 100 | H17: 46373 | I17: 0 | J17: =IF(C17="","",MAX(0,Panel!$C$14+I17)) | K17: =IF(C17="","",SUM(D17:G17)) | L17: =IF(C17="","",MAX(0,J17-K17)) | M17: =IF(C17="","",IF(K17>=J17,"Completo",IF(K17>0,"Parcial","Sin pagar"))) | N17: =IF(C17="","",IF(J17<=0,1,MIN(1,K17/J17)))
B18: =IF(C18="","",ROW()-7) | C18: Lucía Molina | D18: 100 | E18: 100 | F18: 100 | H18: 46438 | I18: 0 | J18: =IF(C18="","",MAX(0,Panel!$C$14+I18)) | K18: =IF(C18="","",SUM(D18:G18)) | L18: =IF(C18="","",MAX(0,J18-K18)) | M18: =IF(C18="","",IF(K18>=J18,"Completo",IF(K18>0,"Parcial","Sin pagar"))) | N18: =IF(C18="","",IF(J18<=0,1,MIN(1,K18/J18)))
B19: =IF(C19="","",ROW()-7) | C19: Marcos Gil | D19: 100 | H19: 46296 | I19: 0 | J19: =IF(C19="","",MAX(0,Panel!$C$14+I19)) | K19: =IF(C19="","",SUM(D19:G19)) | L19: =IF(C19="","",MAX(0,J19-K19)) | M19: =IF(C19="","",IF(K19>=J19,"Completo",IF(K19>0,"Parcial","Sin pagar"))) | N19: =IF(C19="","",IF(J19<=0,1,MIN(1,K19/J19)))
B20: =IF(C20="","",ROW()-7) | C20: Noa Herrera | D20: 100 | E20: 100 | F20: 100 | H20: 46439 | I20: 0 | J20: =IF(C20="","",MAX(0,Panel!$C$14+I20)) | K20: =IF(C20="","",SUM(D20:G20)) | L20: =IF(C20="","",MAX(0,J20-K20)) | M20: =IF(C20="","",IF(K20>=J20,"Completo",IF(K20>0,"Parcial","Sin pagar"))) | N20: =IF(C20="","",IF(J20<=0,1,MIN(1,K20/J20)))
B21: =IF(C21="","",ROW()-7) | C21: Óscar Ramos | D21: 100 | E21: 100 | H21: 46372 | I21: 0 | J21: =IF(C21="","",MAX(0,Panel!$C$14+I21)) | K21: =IF(C21="","",SUM(D21:G21)) | L21: =IF(C21="","",MAX(0,J21-K21)) | M21: =IF(C21="","",IF(K21>=J21,"Completo",IF(K21>0,"Parcial","Sin pagar"))) | N21: =IF(C21="","",IF(J21<=0,1,MIN(1,K21/J21)))
B22: =IF(C22="","",ROW()-7) | J22: =IF(C22="","",MAX(0,Panel!$C$14+I22)) | K22: =IF(C22="","",SUM(D22:G22)) | L22: =IF(C22="","",MAX(0,J22-K22)) | M22: =IF(C22="","",IF(K22>=J22,"Completo",IF(K22>0,"Parcial","Sin pagar"))) | N22: =IF(C22="","",IF(J22<=0,1,MIN(1,K22/J22)))
B23: =IF(C23="","",ROW()-7) | J23: =IF(C23="","",MAX(0,Panel!$C$14+I23)) | K23: =IF(C23="","",SUM(D23:G23)) | L23: =IF(C23="","",MAX(0,J23-K23)) | M23: =IF(C23="","",IF(K23>=J23,"Completo",IF(K23>0,"Parcial","Sin pagar"))) | N23: =IF(C23="","",IF(J23<=0,1,MIN(1,K23/J23)))
B24: =IF(C24="","",ROW()-7) | J24: =IF(C24="","",MAX(0,Panel!$C$14+I24)) | K24: =IF(C24="","",SUM(D24:G24)) | L24: =IF(C24="","",MAX(0,J24-K24)) | M24: =IF(C24="","",IF(K24>=J24,"Completo",IF(K24>0,"Parcial","Sin pagar"))) | N24: =IF(C24="","",IF(J24<=0,1,MIN(1,K24/J24)))
B25: =IF(C25="","",ROW()-7) | J25: =IF(C25="","",MAX(0,Panel!$C$14+I25)) | K25: =IF(C25="","",SUM(D25:G25)) | L25: =IF(C25="","",MAX(0,J25-K25)) | M25: =IF(C25="","",IF(K25>=J25,"Completo",IF(K25>0,"Parcial","Sin pagar"))) | N25: =IF(C25="","",IF(J25<=0,1,MIN(1,K25/J25)))
B26: =IF(C26="","",ROW()-7) | J26: =IF(C26="","",MAX(0,Panel!$C$14+I26)) | K26: =IF(C26="","",SUM(D26:G26)) | L26: =IF(C26="","",MAX(0,J26-K26)) | M26: =IF(C26="","",IF(K26>=J26,"Completo",IF(K26>0,"Parcial","Sin pagar"))) | N26: =IF(C26="","",IF(J26<=0,1,MIN(1,K26/J26)))
B27: =IF(C27="","",ROW()-7) | J27: =IF(C27="","",MAX(0,Panel!$C$14+I27)) | K27: =IF(C27="","",SUM(D27:G27)) | L27: =IF(C27="","",MAX(0,J27-K27)) | M27: =IF(C27="","",IF(K27>=J27,"Completo",IF(K27>0,"Parcial","Sin pagar"))) | N27: =IF(C27="","",IF(J27<=0,1,MIN(1,K27/J27)))
B28: =IF(C28="","",ROW()-7) | J28: =IF(C28="","",MAX(0,Panel!$C$14+I28)) | K28: =IF(C28="","",SUM(D28:G28)) | L28: =IF(C28="","",MAX(0,J28-K28)) | M28: =IF(C28="","",IF(K28>=J28,"Completo",IF(K28>0,"Parcial","Sin pagar"))) | N28: =IF(C28="","",IF(J28<=0,1,MIN(1,K28/J28)))
B29: =IF(C29="","",ROW()-7) | J29: =IF(C29="","",MAX(0,Panel!$C$14+I29)) | K29: =IF(C29="","",SUM(D29:G29)) | L29: =IF(C29="","",MAX(0,J29-K29)) | M29: =IF(C29="","",IF(K29>=J29,"Completo",IF(K29>0,"Parcial","Sin pagar"))) | N29: =IF(C29="","",IF(J29<=0,1,MIN(1,K29/J29)))
B30: =IF(C30="","",ROW()-7) | J30: =IF(C30="","",MAX(0,Panel!$C$14+I30)) | K30: =IF(C30="","",SUM(D30:G30)) | L30: =IF(C30="","",MAX(0,J30-K30)) | M30: =IF(C30="","",IF(K30>=J30,"Completo",IF(K30>0,"Parcial","Sin pagar"))) | N30: =IF(C30="","",IF(J30<=0,1,MIN(1,K30/J30)))
B31: =IF(C31="","",ROW()-7) | J31: =IF(C31="","",MAX(0,Panel!$C$14+I31)) | K31: =IF(C31="","",SUM(D31:G31)) | L31: =IF(C31="","",MAX(0,J31-K31)) | M31: =IF(C31="","",IF(K31>=J31,"Completo",IF(K31>0,"Parcial","Sin pagar"))) | N31: =IF(C31="","",IF(J31<=0,1,MIN(1,K31/J31)))
B32: =IF(C32="","",ROW()-7) | J32: =IF(C32="","",MAX(0,Panel!$C$14+I32)) | K32: =IF(C32="","",SUM(D32:G32)) | L32: =IF(C32="","",MAX(0,J32-K32)) | M32: =IF(C32="","",IF(K32>=J32,"Completo",IF(K32>0,"Parcial","Sin pagar"))) | N32: =IF(C32="","",IF(J32<=0,1,MIN(1,K32/J32)))
B33: =IF(C33="","",ROW()-7) | J33: =IF(C33="","",MAX(0,Panel!$C$14+I33)) | K33: =IF(C33="","",SUM(D33:G33)) | L33: =IF(C33="","",MAX(0,J33-K33)) | M33: =IF(C33="","",IF(K33>=J33,"Completo",IF(K33>0,"Parcial","Sin pagar"))) | N33: =IF(C33="","",IF(J33<=0,1,MIN(1,K33/J33)))
... B57: =IF(C57="","",ROW()-7) | J57: =IF(C57="","",MAX(0,Panel!$C$14+I57)) | K57: =IF(C57="","",SUM(D57:G57)) | L57: =IF(C57="","",MAX(0,J57-K57)) | M57: =IF(C57="","",IF(K57>=J57,"Completo",IF(K57>0,"Parcial","Sin pagar"))) | N57: =IF(C57="","",IF(J57<=0,1,MIN(1,K57/J57)))

Sheet Ingresos extra
B2: Ingresos extra: rifas, ventas y ayudas
B3: Todo lo que se recauda además de las cuotas. Apunta lo ingresado y lo que costó la actividad: solo el neto reduce la aportación.
C5: Totales (ingresado / coste / neto): | D5: =SUM(D8:D27) | E5: =SUM(E8:E27) | G5: =SUM(G8:G27)
B7: Fecha | C7: Actividad | D7: Ingresado | E7: Coste de la actividad | F7: Tipo | G7: Neto | H7: Notas
B8: 46340 | C8: Venta de bocadillos en el recreo | D8: 95 | E8: 30 | F8: Venta | G8: =IF(D8="","",D8-E8) | H8: Tres viernes seguidos
B9: 46374 | C9: Rifa de la cesta de Navidad | D9: 215 | E9: 20 | F9: Rifa | G9: =IF(D9="","",D9-E9) | H9: Papeletas a 1 €
B10: 46417 | C10: Camisetas de la promoción | D10: 260 | E10: 180 | F10: Venta | G10: =IF(D10="","",D10-E10) | H10: Margen pequeño
B11: 46430 | C11: Donación de la asociación de familias | D11: 150 | E11: 0 | F11: Donación | G11: =IF(D11="","",D11-E11)
B12: 46466 | C12: Lavado solidario de coches | D12: 140 | E12: 15 | F12: Evento | G12: =IF(D12="","",D12-E12)
G13: =IF(D13="","",D13-E13)
G14: =IF(D14="","",D14-E14)
G15: =IF(D15="","",D15-E15)
G16: =IF(D16="","",D16-E16)
G17: =IF(D17="","",D17-E17)
G18: =IF(D18="","",D18-E18)
G19: =IF(D19="","",D19-E19)
G20: =IF(D20="","",D20-E20)
G21: =IF(D21="","",D21-E21)
G22: =IF(D22="","",D22-E22)
G23: =IF(D23="","",D23-E23)
G24: =IF(D24="","",D24-E24)
... G27: =IF(D27="","",D27-E27)

Sheet Instrucciones
B2: Instrucciones: presupuesto de graduación
B3: Plantilla gratuita de Plantillas de Cálculo · plantillasdecalculo.com
B5: CÓMO USARLA
B6: 1. En «Panel» escribe la cuota que acordáis por graduado (celda C14) y el margen de imprevistos (C15). Si quieres, indica el nº de graduados en C12; si lo dejas vacío se cuentan los nombres de «Pagos».
B7: 2. En «Gastos» apunta cada gasto: concepto, categoría, tipo de coste (Fijo o Por persona) e importe. Si es «Por persona», se multiplica por el nº de graduados.
B8: 3. Si un gasto incluye invitados (por ejemplo la cena), escribe el nº real de personas en «Unidades / personas»; si lo dejas vacío usa el nº de graduados.
B9: 4. Anota en «Pagado a proveedor» lo que ya has abonado (señales, anticipos) y la fecha límite: el estado pasa a Anticipo, Pagado o Vencido.
B10: 5. En «Pagos» escribe el nombre de cada graduado y apunta cada pago en las columnas Pago 1 a Pago 4. Usa «Ajuste» para descuentos (valor negativo) o suplementos.
B11: 6. En «Ingresos extra» registra rifas, ventas o donaciones con lo ingresado y lo que costó la actividad: solo el neto reduce la aportación.
B12: 7. Consulta el «Panel»: aportación necesaria por graduado, caja actual, pendiente de cobrar y balance final previsto, con el gráfico por categorías.
B13: 8. Puedes renombrar las categorías en «Panel» (B20:B25); si lo haces, vuelve a elegirlas en las filas de «Gastos» que las usaban.
B15: CONSEJOS
... B22: Aviso: plantilla de organización y registro de cuentas del grupo. No constituye asesoramiento financiero ni contable.
